Map: Orbital Shipyard

Players

SticklerMac - Winner!

  • Race: Zerg Zerg
  • League: Grandmaster

Inceron

  • Race: Terran Terran
  • League: Grandmaster

VOD

Have the link to the VOD?

Description

Time

  • Played on: Aug. 4, 2015, 9:45 p.m.
  • Length: 13:39
Show
View Real Time Build Order
Export as new Build Order

SticklerMac Zerg - Winner!

Build Orders: Hatch First 

Get SALT Encoding   

  12  0:01  Drone  
  13  0:14  Overlord  
  13  0:17  Drone  
  14  0:32  Drone x2  
  16  0:36  Drone  
  17  0:54  Hatchery  
  16  1:07  Drone x2  
  18  1:15  Spawning Pool  
  18  1:16  Drone, Extractor  
  17  1:24  Drone  
  18  1:29  Drone  
  19  1:40  Overlord  
  19  1:54  Drone  
  20  2:02  Queen  
  20  2:05  Queen  
  24  2:09  Drone x2  
  24  2:13  Extractor  
  24  2:15  Drone  
  26  2:18  Drone  
  27  2:25  Drone  
  27  2:27  Overlord  
  28  2:36  Drone  
  29  2:52  Zergling x6  
  29  2:58  Zergling x2  
  33  3:06  Zergling x2  
  34  3:15  Hatchery  
  34  3:18  Zergling x2  
  34  3:19  Zergling x14  
  41  3:35  Metabolic Boost  
  41  3:37  Lair  
  41  3:46  Drone x3  
  44  4:07  Baneling Nest  
  44  4:09  Drone  
  44  4:10  Overlord x3  
  44  4:38  Drone x4  
  47  4:39  Drone x3  
  47  4:40  Queen  
  47  4:43  Queen  
  55  4:57  Drone  
  55  4:59  Drone x3  
  60  5:00  Drone x2  
  61  5:21  Baneling x5  
  61  5:22  Baneling x5  
  61  5:23  Baneling x4  
  61  5:25  Baneling  
  61  5:26  Baneling x10  
  57  5:47  Zergling x10  
  57  5:48  Zergling x16  
  61  6:07  Zergling x4  
  61  6:08  Zergling x18  
  71  6:22  Queen  
  69  6:39  Zergling x10  
  70  6:40  Zergling x8  
  72  7:02  Baneling x5  
  72  7:03  Baneling x8  
  72  7:04  Baneling x11  
  72  7:06  Zergling x4  
  72  7:07  Overlord x3  
  72  7:08  Overlord x2  
  74  7:09  Overlord x2  
  56  7:52  Zergling x2  
  56  7:53  Zergling x32  
  71  8:07  Drone, Zergling x2  
  66  8:37  Zergling x14  
  66  8:38  Zergling x4  
  74  8:44  Zergling x2  
  74  8:45  Zergling x14  
  82  8:49  Zergling x6  
  84  8:59  Zergling x2  
  84  9:00  Zergling x4  
  87  9:19  Hatchery  
  86  9:27  Zergling x2  
  86  9:28  Zergling x20  
  86  9:29  Zergling x16  
  105  9:36  Zergling x4  
  103  9:47  Spire  
  91  9:59  Baneling  
  85  10:00  Baneling x15  
  85  10:01  Baneling x14  
  85  10:03  Zergling x2  
  85  10:04  Zergling x14  
  67  10:37  Zergling x20  
  67  10:42  Zergling x4  
  72  10:43  Zergling x6  
  75  10:52  Zergling x10  
  75  10:53  Queen  
  82  10:57  Drone  
  82  11:00  Zergling x12  
  87  11:24  Mutalisk x4  
  95  11:30  Drone x2  
  95  11:31  Drone x3  
  100  11:37  Extractor  
  100  11:38  Extractor  
  100  11:39  Mutalisk  
  100  12:10  Mutalisk  
  102  12:20  Mutalisk  
  104  12:43  Drone  
  105  12:44  Mutalisk x2  
  105  12:45  Mutalisk  
  111  12:55  Hatchery  
  110  13:09  Mutalisk x2  
  110  13:12  Zergling x10  
  119  13:13  Zergling x18  
  119  13:15  Overlord x2  
Show
View Real Time Build Order
Export as new Build Order

Inceron Terran 

Build Orders:  

Get SALT Encoding   

  12  0:01  SCV  
  13  0:13  SCV  
  14  0:18  Supply Depot  
  14  0:28  SCV  
  15  0:36  Refinery  
  15  0:39  Refinery  
  15  0:40  SCV  
  16  0:52  SCV  
  16  0:56  Barracks  
  17  1:04  SCV  
  18  1:16  SCV  
  19  1:25  Supply Depot  
  19  1:28  SCV  
  20  1:40  SCV  
  21  2:03  SCV  
  22  2:18  Command Center  
  22  2:25  Command Center  
  22  2:37  Supply Depot  
  22  2:44  SCV  
  23  2:54  Factory  
  23  2:56  SCV  
  24  3:03  Marine  
  25  3:12  Engineering Bay  
  25  3:15  Orbital Command  
  25  3:21  Marine  
  26  3:39  Marine  
  26  3:40  Hellion  
  28  3:47  Planetary Fortress  
  28  3:56  Marine  
  28  4:01  Hellion  
  31  4:14  Terran Infantry Weapons Level 1, Marine  
  32  4:23  Hellion  
  32  4:24  Barracks  
  34  4:25  Barracks  
  34  4:36  Barracks Tech Lab  
  34  4:47  Barracks  
  34  4:49  Engineering Bay, Barracks  
  34  4:54  Supply Depot  
  34  4:58  SCV  
  35  5:09  Refinery  
  35  5:12  Barracks Reactor  
  35  5:13  Barracks Reactor  
  35  5:16  Factory Tech Lab  
  35  5:20  Marine  
  36  5:42  Marine  
  26  5:43  Marine  
  26  5:45  Siege Tank  
  26  5:49  Marine  
  32  5:51  Marine  
  32  6:00  Marine x2  
  34  6:18  Marine  
  34  6:22  Supply Depot  
  34  6:24  Supply Depot  
  35  6:38  Supply Depot  
  35  6:44  Factory Tech Lab, Barracks Tech Lab  
  35  6:47  Marine  
  35  6:48  Marine x4  
  39  7:13  Orbital Command  
  39  7:15  SCV x2  
  41  7:20  Supply Depot  
  41  7:23  Supply Depot  
  41  7:27  SCV x2  
  41  7:28  Siege Tank  
  41  7:29  Marine x2  
  47  7:36  Terran Infantry Armor Level 1  
  48  7:39  SCV x2  
  40  7:51  SCV  
  32  8:00  Marine x3  
  33  8:19  Siege Tank  
  36  8:21  Marine x3  
  37  8:35  Marine x2  
  37  8:38  Marine  
  37  8:39  Marine  
  36  8:46  SCV  
  26  8:50  Barracks  
  18  8:58  SCV, Refinery  
  18  8:59  Refinery  
  12  9:11  SCV  
  12  9:16  Supply Depot  
  13  9:18  Supply Depot  
  13  9:23  SCV  
  13  9:24  Barracks  
  14  9:33  Supply Depot  
  14  9:35  SCV  
  14  9:37  Bunker  
  15  9:38  Orbital Command  
  15  9:47  SCV  
  16  9:59  SCV  
  17  10:11  SCV  
  7  10:43  Orbital Command  
  5  10:53  Marine x3  
  8  11:11  SCV  
  8  11:14  Factory Reactor  
  11  11:23  SCV  
  7  11:35  SCV  
  8  11:40  Factory  
  8  11:46  Factory  
  8  11:47  SCV  
  9  12:00  SCV  
  10  12:05  Factory  
  10  12:07  Supply Depot  
  10  12:13  Supply Depot  
  10  12:30  Factory Reactor  
  10  12:32  Factory Reactor  
  10  12:34  SCV  
  11  12:40  Engineering Bay  
  11  12:44  Command Center  
  11  12:46  SCV  
  11  12:49  Factory Tech Lab  
  12  12:56  Bunker  
  12  12:58  SCV  
Tags
 
Add a new tag
Caveats
  • Supply blocks, unpowered buildings, or Contaminate may cause inaccurate times.
  • Supply counts are checked every 10 seconds.